 Dungeon Crawl Stone Soup version 0.21.1-1-g345015f (webtiles) character file.

577 Supreme the Thaumaturge (level 7, -4/36 HPs)
             Began as a Deep Elf Wizard on Apr 25, 2018.
             Was a Follower of Kikubaaqudgha.
             Killed from afar by an orc wizard (6 damage)
             ... with a puff of frost
             ... on level 4 of the Dungeon.
             The game lasted 00:40:47 (2806 turns).

Supreme the Thaumaturge (Deep Elf Wizard)           Turns: 2806, Time: 00:40:48

Health: -4/36      AC:  4    Str:  4    XL:     7   Next: 13%
Magic:  1/21       EV: 13    Int: 25    God:    Kikubaaqudgha [*.....]
Gold:   228        SH:  0    Dex: 13    Spells: 4/23 levels left

rFire    + . .     SeeInvis .   b - +0 trident
rCold    . . .     Gourm    .   (no shield)
rNeg     . . .     Faith    .   a - +0 robe
rPois    .         Spirit   .   i - +0 helmet
rElec    .         Reflect  .   (no cloak)
rCorr    .         Harm     .   m - +0 pair of gloves
MR       .....                  (no boots)
Stlth    ++........             (no amulet)
HPRegen  0.12/turn              (no ring)
MPRegen  0.17/turn              A - ring of protection from fire

@: no status effects
A: no striking features
a: Receive Corpses, Renounce Religion


You were on level 4 of the Dungeon.
You worshipped Kikubaaqudgha.
Kikubaaqudgha was aware of your devotion.
You were not hungry.

You visited 1 branch of the dungeon, and saw 4 of its levels.

You collected 228 gold pieces.

Inventory:

Hand Weapons
 b - a +0 trident (weapon)
 h - a +0 dagger
 s - a +2 flail of protection
 v - a +6 club
 x - a +2 hand axe of flaming
Missiles
 e - a throwing net (quivered)
 g - 127 stones
 l - 9 poisoned needles
 r - 25 arrows
Armour
 a - a +0 robe (worn)
 i - a +0 helmet (worn)
 m - a +0 pair of gloves (worn)
Jewellery
 o - an uncursed amulet of inaccuracy
 y - an uncursed ring of teleportation
 A - a ring of protection from fire (right hand)
Wands
 B - a wand of paralysis (11)
Scrolls
 f - 2 scrolls of identify
 j - a scroll of teleportation {unknown}
 p - a scroll of blinking {unknown}
 q - 3 scrolls of magic mapping {unknown}
 u - 3 scrolls of remove curse
 w - 2 scrolls of fog
 F - a scroll of immolation {unknown}
Potions
 k - 2 potions of cancellation
 n - 2 potions of degeneration
 t - 2 potions of lignification
 z - a potion of agility
 C - a potion of haste
 E - a potion of curing
Books
 c - a book of Minor Magic

   Spells                             Type                      Level
   a - Magic Dart                     Conjuration                  1
   b - Blink                          Translocation                2
   c - Call Imp                       Summoning                    2
   d - Slow                           Hexes                        2
   e - Conjure Flame                  Conjuration/Fire             3
   f - Mephitic Cloud                 Conjuration/Poison/Air       3
 G - Kikubaaqudgha's Almanac of Unholy Arts
   (Kikubaaqudgha gifted it to you on level 4 of the Dungeon)

   Spells                             Type                      Level
   a - Animate Skeleton               Necromancy                   1
   b - Pain                           Necromancy                   1
   c - Sublimation of Blood           Necromancy                   2
   d - Regeneration                   Charms/Necromancy            3
Comestibles
 d - 8 rations
 D - 3 chunks of flesh


   Skills:
 + Level 0.1 Fighting
 + Level 3.0 Dodging
 + Level 3.2 Stealth
 + Level 8.9 Spellcasting
 + Level 3.2 Conjurations
 + Level 3.3 Summonings
 + Level 1.1 Translocations
 + Level 0.2 Fire Magic


You had 4 spell levels left.
You knew the following spells:

 Your Spells              Type           Power        Failure   Level  Hunger
a - Magic Dart            Conj           ####         1%          1    None
b - Blink                 Tloc           N/A          5%          2    None
c - Call Imp              Summ           ####....     1%          2    None
d - Slow                  Hex            ##......     9%          2    None
e - Conjure Flame         Conj/Fire      ###.....     9%          3    None
f - Mephitic Cloud        Conj/Pois/Air  ###.....     11%         3    None
g - Animate Skeleton      Necr           N/A          5%          1    None
h - Sublimation of Blood  Necr           ##........   9%          2    None
i - Regeneration          Chrm/Necr      ##........   17%         3    None


Dungeon Overview and Level Annotations

Branches:
Dungeon (4/15)
 Temple: D:4-7

Altars:
Hepliaklqana
Kikubaaqudgha
Nemelex Xobeh
Ru
Zin

Annotations:
D:4 1 runed door, Eustachio


Message History

Confirm with . or Enter, or press ? or * to list all spells.
A beastly little devil appears in a puff of flame.
The orc wizard points at you and mumbles some strange words.
The puff of frost hits you!
* * * LOW HITPOINT WARNING * * *
Your crimson imp closely misses the orc wizard.
There is an escape hatch in the floor here.
The orc wizard gestures at you while chanting.
The puff of frost misses you.
Your crimson imp barely misses the orc wizard.
The orc wizard gestures at you while chanting.
The magic dart hits you!
* * * LOW HITPOINT WARNING * * *
Your crimson imp barely misses the orc wizard.
Your crimson imp hits the orc wizard.
There is an open gate here.
The orc wizard points at you and mumbles some strange words.
The puff of frost hits you!
You die...
Kikubaaqudgha rasps: "You have failed me!
Welcome... death!"

...##...........## #.........
...............[.## #.........
..................# #.........
..................# #)........
..................###.........
....#........................#
...#.......................###
#....#.......................#
..#####.<.###@..#............#
. #######'''########.....#
########...########.....#
####§###...##§§§###.....#
###§§§##.o.#§§§§§##.#....
##§§§§§#..5#§§§§.##.#.... .
###§§§##.5.#§§§§.##.#.... .
####§###...##§§§###.#.... #
########...########......


You could see an orc wizard and 2 friendly crimson imps.

Vanquished Creatures
  Grinder (D:3)
  An iguana (D:4)
  2 orc priests (D:4)
  Ijyb (D:3)
  Natasha (thrice) (D:3)
  Robin (D:2)
  A gnoll (D:4)
  7 adders
  2 oozes
  3 worms (D:2)
  2 dart slugs
  5 leopard geckos
  5 orcs
  2 giant cockroaches
  12 goblins
  10 hobgoblins
  9 bats
  A frilled lizard (D:4)
  3 kobolds
  6 rats
77 creatures vanquished.

Vanquished Creatures (collateral kills)
  An orc priest (D:2)
  Jessica (D:2)
  2 gnolls (D:4)
  2 adders (D:2)
  6 leopard geckos
  2 orcs
  2 goblins (D:2)
  2 frilled lizards
18 creatures vanquished.

Grand Total: 95 creatures vanquished

Notes
Turn   | Place    | Note
-------+----------+-------------------------------------------
     0 | D:1      | Supreme the Deep Elf Wizard began the quest for the Orb.
     0 | D:1      | Reached XP level 1. HP: 10/10 MP: 7/7
    63 | D:1      | Reached skill level 5 in Spellcasting
    63 | D:1      | Reached XP level 2. HP: 10/15 MP: 0/10
    67 | D:1      | Learned a level 2 spell: Blink
    70 | D:1      | Learned a level 2 spell: Call Imp
    73 | D:1      | Learned a level 2 spell: Slow
   506 | D:2      | Reached XP level 3. HP: 18/19 MP: 1/12
   521 | D:2      | Noticed Robin
   832 | D:2      | Reached skill level 6 in Spellcasting
   888 | D:2      | Reached XP level 4. HP: 21/24 MP: 5/14
  1006 | D:2      | Noticed Jessica
  1011 | D:2      | Killed Jessica
  1110 | D:2      | Learned a level 3 spell: Conjure Flame
  1273 | D:2      | Killed Robin
  1422 | D:2      | Reached XP level 5. HP: 28/28 MP: 16/16
  1431 | D:2      | Learned a level 3 spell: Mephitic Cloud
  1470 | D:2      | Reached skill level 7 in Spellcasting
  1656 | D:3      | Noticed Grinder
  1695 | D:3      | Killed Grinder
  1695 | D:3      | Reached XP level 6. HP: 26/32 MP: 2/18
  1718 | D:3      | Found an ancient bone altar of Kikubaaqudgha.
  1722 | D:3      | Became a worshipper of Kikubaaqudgha
  1726 | D:3      | Found a hazy altar of Hepliaklqana.
  1729 | D:3      | Found a sacrificial altar of Ru.
  1877 | D:3      | Found a faded altar of an unknown god.
  1900 | D:3      | Noticed Ijyb
  1970 | D:3      | Killed Ijyb
  1970 | D:3      | Reached skill level 8 in Spellcasting
  2025 | D:3      | Noticed Natasha
  2057 | D:3      | Killed Natasha
  2147 | D:3      | Noticed Natasha
  2155 | D:3      | Killed Natasha
  2167 | D:3      | Noticed Natasha
  2181 | D:3      | Killed Natasha
  2380 | D:4      | Found a glowing silver altar of Zin.
  2432 | D:4      | Found a sparkling altar of Nemelex Xobeh.
  2585 | D:4      | Reached * piety under Kikubaaqudgha
  2585 | D:4      | Identified Kikubaaqudgha's Almanac of Unholy Arts (Kikubaaqudgha gifted it to you on level 4 of the Dungeon)
  2585 | D:4      | Received a gift from Kikubaaqudgha
  2593 | D:4      | Learned a level 1 spell: Animate Skeleton
  2596 | D:4      | Learned a level 2 spell: Sublimation of Blood
  2600 | D:4      | Learned a level 3 spell: Regeneration
  2616 | D:4      | Found a runed door.
  2678 | D:4      | Noticed Eustachio
  2700 | D:4      | Reached XP level 7. HP: 36/36 MP: 13/21
  2799 | D:4      | HP: 1/36 [orc wizard/puff of frost (6)]
  2804 | D:4      | HP: 1/36 [orc wizard/magic dart (5)]
  2806 | D:4      | Killed from afar by an orc wizard

Skill      XL: |  1  2  3  4  5  6 |
---------------+-------------------+-----
Spellcasting   | 5 6 7 8 |  8.9
Stealth        | 3 |  3.2
Conjurations   | 2 3 |  3.2
Summonings     | 2 3 |  3.3
Dodging        | 3 |  3.0
Fighting       | |  0.1
Translocations | |  1.1
Fire Magic     | |  0.2

Action                   |  1- 3 |  4- 6 |  7- 9 || total
-------------------------+-------+-------+-------++-------
Melee: Dagger            |    10 |     2 |       ||    12
       Flail             |       |    19 |       ||    19
       Club              |       |    13 |       ||    13
       Trident           |       |    15 |     4 ||    19
 Cast: Magic Dart        |    82 |   127 |    12 ||   221
       Call Imp          |     3 |    24 |     4 ||    31
       Conjure Flame     |       |     6 |     2 ||     8
       Sublimation of Bl |       |     3 |       ||     3
       Animate Skeleton  |       |     1 |     1 ||     2
       Regeneration      |       |     1 |     1 ||     2
       Blink             |       |       |     1 ||     1
  Use: Scroll            |       |     7 |     1 ||     8
       Potion            |       |       |     1 ||     1
 Stab: Sleeping          |     1 |     1 |       ||     2
  Eat: Chunk             |       |     6 |       ||     6
Armor: Robe              |     3 |     9 |    13 ||    25
Dodge: Dodged            |    15 |    24 |    48 ||    87
